 Dungeon Crawl Stone Soup version 0.27-a0-46-g34d46f0a3f (webtiles) character file.

Game seed: 941873938704735133

2173 sahdkjhfkaj the Caller (level 9, -9/89 HPs)
             Began as an Ogre Summoner on Jan 6, 2021.
             Killed from afar by a killer bee (25 damage)
             ... with an exploding inner flame
             ... on level 7 of the Dungeon.
             The game lasted 00:24:49 (13286 turns).

sahdkjhfkaj the Caller (Ogre Summoner)             Turns: 13286, Time: 00:24:49

Health: -9/89      AC:  8    Str: 15    XL:     9   Next: 32%
Magic:  2/16       EV: 10    Int: 24    God:
Gold:   266        SH:  0    Dex:  9    Spells: 4/18 levels left

rFire    . . .     SeeInvis .     - Unarmed
rCold    . . .     Faith    .   (no shield)
rNeg     . . .     Spirit   .   t - +2 robe {Will+}
rPois    .         Reflect  .   (helmet restricted)
rElec    .         Harm     .   v - +2 cloak
rCorr    .         Rampage  .   (gloves unavailable)
Will     +....                  (boots unavailable)
Stlth    +.........             (no amulet)
HPRegen  0.24/turn              y - +6 ring of intelligence
MPRegen  0.15/turn              A - +4 ring of slaying

@: marked
A: large, unfitting armour, tough skin 1
a: no special abilities


You were on level 7 of the Dungeon.
You visited 1 branch of the dungeon, and saw 7 of its levels.

You collected 266 gold pieces.

Inventory:

Missiles
 m - 75 stones
 u - 11 boomerangs (quivered)
Armour
 t - a +2 robe of willpower (worn)
 v - a +2 cloak (worn)
Jewellery
 y - a +6 ring of intelligence (left hand)
 A - a +4 ring of slaying (right hand)
Scrolls
 a - 2 scrolls of enchant armour
 c - 6 scrolls of remove curse
 e - a scroll of blinking
 j - 3 scrolls of enchant weapon
 l - 2 scrolls of immolation
 n - a scroll of noise
 z - a scroll of random uselessness
Potions
 b - a potion of mutation
 d - 3 potions of heal wounds
 g - a potion of invisibility {unknown}
 h - a potion of haste {unknown}
 i - a potion of brilliance {unknown}
 k - a potion of cancellation {unknown}
 o - 7 potions of curing
 q - a potion of attraction {unknown}
 r - a potion of berserk rage {unknown}
 s - a potion of resistance {unknown}
 w - a potion of degeneration {unknown}
 x - a potion of flight {unknown}


   Skills:
 - Level 6.0 Fighting
 - Level 5.0 Throwing
 - Level 1.7 Dodging
 - Level 1.4 Stealth
 - Level 4.0 Unarmed Combat
 - Level 5.0 Spellcasting
 + Level 6.0 Summonings
 - Level 5.0 Ice Magic


You had 4 spell levels left.
You knew the following spells:

 Your Spells              Type           Power        Failure   Level
a - Summon Small Mammal   Summ           100%         1%          1
e - Summon Lightning Spi  Summ/Air       20%          26%         4
A - Summon Ice Beast      Ice/Summ       32%          9%          4
C - Call Imp              Summ           34%          1%          2
F - Call Canine Familiar  Summ           34%          2%          3

Your spell library contained the following spells:

 Spells                   Type           Power        Failure   Level
 Summon Guardian Golem    Hex/Summ       20%          8%          3
 Confusing Touch          Hex            6%           26%         3
 Gell's Gravitas          Tloc           3%           26%         3
 Petrify                  Tmut/Erth      6%           65%         4
 Metabolic Englaciation   Hex/Ice        9%           65%         5
 Yara's Violent Unravell  Hex/Tmut       3%           94%         5


Dungeon Overview and Level Annotations

Branches:
Dungeon (7/15)
 Temple: D:4-7

Altars:
Ashenzari

Shops:
D:5 [


Innate Abilities, Weirdness & Mutations

You are too large for most types of armour.
You have tough skin. (AC +1)


Message History

The fiery explosion engulfs the orc wizard!!
The fiery explosion engulfs your ice beast!!!
Your ice beast melts!
The fiery explosion engulfs Dowan!!
The fiery explosion engulfs you!
Dowan explodes!
The fiery explosion engulfs the orc!!
The fiery explosion engulfs the orc!!!
The orc explodes! x2; Your ice beast explodes!
The fiery explosion engulfs the killer bee!!!
The fiery explosion engulfs you!!
The fiery explosion engulfs the killer bee!!!
The fiery explosion engulfs the killer bee!!
The killer bee explodes!
The fiery explosion engulfs you!!
* * * LOW HITPOINT WARNING * * *
The fiery explosion engulfs the killer bee!
Flame seeps out of the killer bee.
The killer bee is almost dead.
The killer bee explodes!
The fiery explosion engulfs you!!
You die...

#. ###. #...
######§§§
.....§§§#
.....§§§#
.....§§§#
.....§○@# ..
.....§§§# ..
......§y# #.###
..)....y# #....
.......y# #.###
........######..
#....
...............#
#...#
########.####..#
##.#. #.......#
#.#.


You could see 3 killer bees.

Vanquished Creatures
  4 wraiths
  Duvessa (D:7)
  A phantom (D:5)
  A bullfrog (D:6)
  Dowan (D:7)
  A scorpion (D:4)
  3 killer bees (D:7)
  A howler monkey (D:7)
  An orc priest (D:7)
  3 hounds
  4 orc wizards
  2 iguanas (D:6)
  3 worker ants
  A hound skeleton (D:7)
  A worker ant zombie (D:5)
  A howler monkey skeleton (D:7)
  4 adders
  A shadow imp (D:6)
  A white imp (D:5)
  A worm (D:4)
  3 dart slugs
  5 leopard geckos
  12 orcs
  2 giant cockroaches
  6 goblins
  A hobgoblin (D:2)
  2 jackals (D:5)
  A quokka (D:6)
  A ball python (D:4)
  4 bats (D:1)
  A frilled lizard (D:1)
  7 kobolds
  2 leopard gecko skeletons
  5 rats
88 creatures vanquished.

Vanquished Creatures (collateral kills)
  A hornet (D:6)
  3 nameless horrors
  A wraith (D:6)
  A phantom (D:5)
  An orc warrior (D:7)
  An ogre (D:4)
  4 centaurs
  2 big kobolds (D:6)
  A bullfrog (D:7)
  A scorpion (D:4)
  3 howler monkeys
  A centaur zombie (D:5)
  2 jellies
  4 orc priests
  Crazy Yiuf (D:3)
  3 orc wizards
  Jessica (D:2)
  Terence (D:3)
  2 worker ants
  A hound zombie (D:6)
  A worker ant zombie (D:6)
  Robin (D:2)
  4 gnolls (D:5)
  6 adders
  A river rat (D:4)
  An ooze (D:2)
  An adder zombie (D:5)
  3 worms (D:2)
  3 leopard geckos
  13 orcs
  7 bats
  4 giant cockroaches
  15 goblins
  4 hobgoblins
  A jackal (D:5)
  8 kobolds
  A quokka (D:4)
  A ball python skeleton (D:4)
  5 frilled lizards
  A leopard gecko zombie (D:5)
  5 rats
121 creatures vanquished.

Vanquished Creatures (others)
  5 fungi (D:3)
  7 plants (D:4)
12 creatures vanquished.

Grand Total: 221 creatures vanquished

Notes
Turn   | Place    | Note
-------+----------+-------------------------------------------
     0 | D:1      | sahdkjhfkaj the Ogre Summoner began the quest for the Orb.
     0 | D:1      | Reached XP level 1. HP: 16/16 MP: 3/3
   440 | D:1      | Reached XP level 2. HP: 16/24 MP: 5/5
   443 | D:1      | Learned a level 2 spell: Call Imp
  1564 | D:1      | Reached skill level 1 in Fighting
  1826 | D:2      | Noticed a howler monkey
  1994 | D:1      | Reached XP level 3. HP: 12/33 MP: 0/7
  2188 | D:1      | Learned a level 3 spell: Call Canine Familiar
  2223 | D:2      | Reached XP level 4. HP: 36/41 MP: 5/10
  2274 | D:2      | Reached skill level 1 in Throwing
  2698 | D:2      | Noticed Robin
  2709 | D:2      | Killed Robin
  3144 | D:2      | Noticed Jessica
  3152 | D:2      | Killed Jessica
  3153 | D:2      | Reached XP level 5. HP: 49/49 MP: 7/11
  3258 | D:2      | Found a broken altar of Ashenzari.
  3731 | D:3      | Noticed Terence
  3749 | D:3      | Killed Terence
  3850 | D:3      | Found a faded altar of an unknown god.
  4138 | D:3      | Found a runed translucent door.
  4139 | D:3      | Noticed Crazy Yiuf
  4173 | D:3      | Killed Crazy Yiuf
  4174 | D:3      | Reached skill level 5 in Summonings
  4488 | D:4      | Learned a level 4 spell: Summon Ice Beast
  4495 | D:4      | Reached skill level 1 in Unarmed Combat
  4618 | D:4      | Noticed an ogre
  4631 | D:4      | Killed an ogre
  4632 | D:4      | Reached XP level 6. HP: 61/61 MP: 3/12
  4957 | D:4      | Found a glowing drain.
  5153 | D:4      | Reached skill level 1 in Ice Magic
  6337 | D:5      | Entered Level 5 of the Dungeon
  6337 | D:5      | Noticed a phantom
  6404 | D:5      | Killed a phantom
  6405 | D:5      | Reached XP level 7. HP: 49/70 MP: 5/13
  6651 | D:5      | Found Aqaad's Antique Armour Boutique.
  8694 | D:6      | Reached skill level 5 in Fighting
  8694 | D:6      | Reached XP level 8. HP: 31/80 MP: 1/14
  9370 | D:6      | Learned a level 4 spell: Summon Lightning Spire
  9372 | D:6      | Noticed a nameless horror
  9403 | D:6      | Killed a nameless horror
 10155 | D:7      | Noticed a wraith
 10163 | D:7      | Noticed a wraith
 10420 | D:6      | Killed a wraith
 10420 | D:6      | Killed a wraith
 10421 | D:6      | Reached skill level 5 in Spellcasting
 10765 | D:7      | Noticed a wraith
 10813 | D:7      | Noticed a nameless horror
 11262 | D:7      | Noticed a hornet
 11346 | D:6      | Killed a hornet
 11617 | D:6      | Reached XP level 9. HP: 54/89 MP: 16/16
 11990 | D:6      | Reached skill level 5 in Throwing
 12698 | D:7      | Found the +5 scythe "Finisher" {speed, eviscerate}
 13130 | D:7      | Reached skill level 5 in Ice Magic
 13174 | D:7      | Killed a nameless horror
 13276 | D:7      | Noticed Dowan
 13279 | D:7      | Noticed Duvessa
 13286 | D:7      | Killed Duvessa
 13286 | D:7      | Killed Dowan
 13286 | D:7      | Killed from afar by a killer bee

Illustrated notes

Levels and vault maps discovered:
D:1:      dpeg_arrival_windows_large_door, layout_loops_ring,
          ebering_dispersal_statue_hall, minmay_pentomino_r2
D:2:      layout_rooms, lemuel_round_altar, minmay_misc_feat_room, minivault_25,
          amethyst_killhole, uniq_robin, uniq_jessica
D:3:      layout_rooms, chequers_ecumenical_altar_simple_redux,
          uniq_crazy_yiuf_cottage, uniq_terence
D:4:      wad_lake_hut, layout_loops_ring, gup_sewer_entry_spiral,
          kennysheep_generic_room_12
D:5:      layout_basic, serial_shops, shop, minmay_between
D:6:      layout_basic
D:7:      layout_rooms, minmay_temple_entry_grid, grunt_ministairs_2,
          minmay_guarded_unrand_finisher, uniq_duvessa

Skill      XL: |  1  2  3  4  5  6  7  8  9 |
---------------+----------------------------+-----
Summonings     | 4 5 6 |  6.0
Spellcasting   | 3 4 5 |  5.0
Fighting       | 1 2 3 4 5 6 |  6.0
Throwing       | 1 2 4 5 |  5.0
Unarmed Combat | 1 2 3 4 |  4.0
Ice Magic      | 2 3 4 5 |  5.0
Dodging        | |  1.7
Stealth        | |  1.4

Action                   |  1- 3 |  4- 6 |  7- 9 || total
-------------------------+-------+-------+-------++-------
Melee: Unarmed           |   119 |   369 |   435 ||   923
       Punch             |       |       |     3 ||     3
Throw: Boomerang         |       |    10 |     2 ||    12
 Cast: Summon Small Mamm |     8 |       |       ||     8
       Call Imp          |    26 |    12 |     6 ||    44
       Call Canine Famil |     1 |    42 |    47 ||    90
       Summon Ice Beast  |       |     4 |    21 ||    25
       Summon Lightning  |       |       |     5 ||     5
  Use: Scroll            |     4 |     3 |     7 ||    14
       Potion            |       |     1 |     2 ||     3
 Stab: Sleeping          |     2 |     1 |       ||     3
       Distracted        |       |     1 |     4 ||     5
Armor: Robe              |    47 |   146 |   155 ||   348
Dodge: Dodged            |   102 |   236 |   235 ||   573

Table legend: (Time is in decaauts)
 A = Elapsed time spent in this place.
 B = Non-inter-level travel time spent in this place.
 C = Inter-level travel time spent in this place.
 D = Time resting spent in this place.
 E = Time spent auto-exploring this place.
 F = Levels seen in this place.
 G = Mean time per level.
                   A        B        C        D        E       F      G
               +--------+--------+--------+--------+--------+-----+--------+
         Total |  13474 |  13242 |    232 |   1377 |   9728 |   7 | 1924.9 |
       Dungeon |  13474 |  13242 |    232 |   1377 |   9728 |   7 | 1924.9 |
               +--------+--------+--------+--------+--------+-----+--------+

Top non-repeatable levels by time:
     D:6: 3224 daAuts
     D:5: 2182 daAuts
     D:1: 2169 daAuts
     D:4: 2030 daAuts
     D:7: 1659 daAuts
     D:2: 1237 daAuts
     D:3: 970 daAuts
